 Dungeon Crawl Stone Soup version 0.28-a0-991-g956f0ee3d5 (webtiles) character file.

Game seed: 1896795882093607091

449 Colgate the Firebug (level 7, -7/55 HPs)
             Began as a Naga Fire Elementalist on Dec 5, 2021.
             Was a Believer of Zin.
             Mangled by a hornet zombie (12 damage)
             ... on level 5 of the Dungeon.
             The game lasted 00:32:47 (3727 turns).

Colgate the Firebug (Naga Fire Elementalist)        Turns: 3727, Time: 00:32:47

Health: -7/55      AC:  3    Str: 11    XL:     7   Next: 4%
Magic:  0/13       EV:  9    Int: 17    God:    Zin [**....]
Gold:   18         SH:  0    Dex: 11    Spells: 11/14 levels left

rFire   . . .      SeeInvis +   d - +1 trident
rCold   . . .      Faith    .   (no shield)
rNeg    . . .      Spirit   .   a - +0 robe
rPois   +          Reflect  .   (no helmet)
rElec   .          Harm     .   g - scarf {shadows}
rCorr   .          Rampage  .   (no gloves)
Will    .....                   (no barding)
Stlth   ++........              (no amulet)
HPRegen 0.18/turn               (no ring)
MPRegen 0.13/turn               (no ring)

@: very slow
A: AC +2, large, see invisible, deformed body, poison resistance, slowness 2,
spit poison 1, naga tail 1
a: Spit Poison, Renounce Religion, Recite, Vitalisation, Donate Gold


You were on level 5 of the Dungeon.
You worshipped Zin.
Zin was pleased with you.
You visited 1 branch of the dungeon, and saw 5 of its levels.

You collected 93 gold pieces.
You spent 66 gold pieces at shops.
You donated 9 gold pieces to Zin.

Inventory:

Hand Weapons
 d - a +1 trident (weapon)
Missiles
 c - 121 stones
 f - 6 boomerangs
 k - 18 poisoned darts
Armour
 a - a +0 robe (worn)
 g - a scarf of shadows (worn)
 q - a +2 cloak
Magical Staves
 i - a staff of earth
Scrolls
 e - a scroll of enchant weapon
 j - a scroll of magic mapping {unknown}
 m - 2 scrolls of teleportation {unknown}
 p - a scroll of fog
 r - a scroll of brand weapon {unknown}
 t - a scroll of enchant armour {unknown}
Potions
 b - a potion of heal wounds {unknown}
 h - 2 potions of curing
 l - 3 potions of lignification
 n - a potion of brilliance
 o - a potion of degeneration {unknown}
 u - a potion of resistance {unknown}
 v - a potion of flight {unknown}
 w - a potion of berserk rage {unknown}


   Skills:
 - Level 1.5 Dodging
 - Level 3.0 Stealth
 + Level 4.0 Spellcasting
 - Level 4.0 Conjurations
 - Level 5.2 Fire Magic


You had 11 spell levels left.
You knew the following spells:

 Your Spells              Type           Power      Damage    Failure   Level
a - Foxfire               Conj/Fire      76%        2x1d7     2%          1
b - Scorch                Fire           42%        2d7       2%          2

Your spell library contained the following spells:

 Spells                   Type           Power      Damage    Failure   Level
 Conjure Flame            Conj/Fire      19%        6-21      7%          3
 Inner Flame              Hex/Fire       12%        N/A       16%         3
 Passwall                 Tmut/Erth      2%         N/A       24%         2
 Flame Wave               Conj/Fire      19%        2d5       24%         4
 Portal Projectile        Hex/Tloc       6%         N/A       43%         3
 Swiftness                Air            3%         N/A       43%         3
 Blade Hands              Tmut           1%         N/A       99%         5
 Excruciating Wounds      Necr           1%         N/A       99%         5


Dungeon Overview and Level Annotations

Branches:
Dungeon (5/15)
 Temple: D:4-7

Altars:
Okawaru
Zin

Shops:
D:4 *(:!(


Innate Abilities, Weirdness & Mutations

Your serpentine skin is tough. (AC +2)
You have supernaturally acute eyesight. (SInv)
Armour fits poorly on your strangely shaped body.
Your system is resistant to poisons. (rPois)
You cover ground very slowly.
You can spit poison.
You have a snake-like lower body.


Message History

The floor.
Unknown command.
Casting: Scorch (safe; 2% risk of failure)
Confirm with . or Enter, or press ? or * to list all spells.
You conjure some foxfire!
The hornet zombie hits you!
You puncture the hornet zombie!
The hornet zombie is severely damaged.
You have got your breath back.
The foxfire hits the hornet zombie.
The hornet zombie is almost destroyed.
The foxfire hits the hornet zombie but does no damage.
The hornet zombie is almost destroyed.
The hornet zombie hits you but does no damage.
The hornet zombie hits you.
Okay, then.
You hit the hornet zombie but do no damage.
The hornet zombie is almost destroyed.
The hornet zombie hits you but does no damage.
The hornet zombie hits you.
You barely miss the hornet zombie.
The hornet zombie is almost destroyed.
The hornet zombie closely misses you.
You hit the hornet zombie.
The hornet zombie is almost destroyed.
The hornet zombie hits you. The hornet zombie hits you!
* * * LOW HITPOINT WARNING * * *
You are too injured to fight recklessly!
Casting: Foxfire (safe; 2% risk of failure)
Confirm with . or Enter, or press ? or * to list all spells.
You conjure some foxfire!
The hornet zombie barely misses you.
You closely miss the hornet zombie.
The hornet zombie is almost destroyed.
The foxfire hits the hornet zombie but does no damage.
The hornet zombie is almost destroyed.
The foxfire hits the hornet zombie but does no damage.
The hornet zombie is almost destroyed.
The hornet zombie hits you!
* * * LOW HITPOINT WARNING * * *
The hornet zombie hits you!
You die...

..... .. ...[..
###.#
......###.....
............##
..............
#............
#.......#......
####Z.###......
#@.####......
#ยงยง...#......
#.###.#......
#.# #.#......
.. ..# #..####
... #.##
##....### ....
..
####...##....
..# ###.#.....
#####..[......


You could see a hornet zombie.

Vanquished Creatures
  2 phantoms
  A water moccasin skeleton (D:4)
  A jelly (D:4)
  Jessica (D:2)
  Natasha (twice) (D:2)
  An orc wizard (D:4)
  An adder (D:3)
  A shadow imp (D:5)
  An ufetubus (D:4)
  A worm (D:4)
  4 dart slugs
  7 orcs
  6 ball pythons
  6 endoplasms
  3 giant cockroaches
  6 goblins
  10 hobgoblins
  12 kobolds
  A quokka (D:2)
  5 bats
  4 frilled lizards
  2 rats
78 creatures vanquished.

Vanquished Creatures (others)
  115 foxfires
115 creatures vanquished.

Grand Total: 193 creatures vanquished

Notes
Turn   | Place    | Note
-------+----------+-------------------------------------------
     0 | D:1      | Colgate the Naga Fire Elementalist began the quest for the
                  | Orb.
     0 | D:1      | Reached XP level 1. HP: 15/15 MP: 3/3
    24 | D:1      | Found a faded altar of an unknown god.
    36 | D:1      | Prayed at the altar of an unknown god.
    36 | D:1      | Became a worshipper of Zin the Law-Giver
    36 | D:1      | Reached * piety under Zin
   192 | D:1      | Reached XP level 2. HP: 18/22 MP: 5/5
   195 | D:1      | Learned a level 2 spell: Scorch
   506 | D:1      | Reached skill level 4 in Fire Magic
   527 | D:1      | Reached XP level 3. HP: 28/28 MP: 6/6
  1027 | D:2      | Noticed Jessica
  1032 | D:2      | Killed Jessica
  1033 | D:2      | Reached XP level 4. HP: 20/36 MP: 4/7
  1312 | D:2      | Noticed Natasha
  1315 | D:2      | Killed Natasha
  1316 | D:2      | Reached skill level 5 in Fire Magic
  1440 | D:2      | Noticed Natasha
  1445 | D:2      | Killed Natasha
  1446 | D:2      | Reached XP level 5. HP: 35/42 MP: 2/8
  1881 | D:3      | Noticed a phantom
  1885 | D:3      | Killed a phantom
  2218 | D:3      | Reached XP level 6. HP: 49/49 MP: 4/9
  2545 | D:3      | Found an iron altar of Okawaru.
  2858 | D:4      | Found Nohuebu's Book Boutique.
  2863 | D:4      | Found Icar's Distillery.
  2871 | D:4      | Found Wocsuta's Weapon Shop.
  2992 | D:4      | Found Pishum Ywko's Antique Weapon Boutique.
  3317 | D:4      | Found Zutoash's Assorted Antiques.
  3322 | D:4      | Bought a bubbling red potion for 22 gold pieces
  3322 | D:4      | Bought an emerald potion for 22 gold pieces
  3322 | D:4      | Bought a bubbling yellow potion for 22 gold pieces
  3539 | D:4      | Reached ** piety under Zin
  3637 | D:5      | Entered Level 5 of the Dungeon
  3711 | D:5      | Reached XP level 7. HP: 55/55 MP: 3/13
  3727 | D:5      | Mangled by a hornet zombie

Illustrated notes

Levels and vault maps discovered:
D:1:      onia_arrival_mini_spirals, layout_rooms,
          ebering_ecumenical_altar_abandoned
D:2:      layout_basic, uniq_jessica, uniq_natasha
D:3:      layout_rooms, mainiacjoe_overflow_concentric_impassable,
          kennysheep_nub
D:4:      layout_loops_ring, serial_shops, kennysheep_little_box, shop, shop,
          nicolae_shop_bloodbath_and_beyond, shop
D:5:      layout_rooms, uniq_pikel, uniq_ijyb

Skill      XL: |  1  2  3  4  5  6 |
---------------+-------------------+-----
Fire Magic     | 4 5 |  5.2
Conjurations   | 3 4 |  4.0
Spellcasting   | 4 |  4.0
Dodging        | |  1.5
Stealth        | |  3.0

Action                   |  1- 3 |  4- 6 |  7- 9 || total
-------------------------+-------+-------+-------++-------
Melee: Trident           |     1 |     1 |     8 ||    10
       Short sword       |     1 |       |       ||     1
 Cast: Foxfire           |    24 |    36 |     4 ||    64
       Scorch            |     7 |    34 |     1 ||    42
Invok: Recite            |     1 |     1 |       ||     2
 Abil: Spit Poison       |    23 |    38 |     2 ||    63
  Use: Scroll            |       |     5 |       ||     5
 Stab: Sleeping          |     2 |     1 |       ||     3
Armor: Robe              |     2 |     2 |     2 ||     6
Dodge: Dodged            |     7 |     1 |     7 ||    15

Table legend: (Time is in decaauts)
 A = Elapsed time spent in this place.
 B = Non-inter-level travel time spent in this place.
 C = Inter-level travel time spent in this place.
 D = Time resting spent in this place.
 E = Time spent auto-exploring this place.
 F = Levels seen in this place.
 G = Mean time per level.
                   A        B        C        D        E       F      G
               +--------+--------+--------+--------+--------+-----+--------+
         Total |   4540 |   4409 |    131 |     34 |   3760 |   5 |  908.0 |
       Dungeon |   4540 |   4409 |    131 |     34 |   3760 |   5 |  908.0 |
               +--------+--------+--------+--------+--------+-----+--------+

Top non-repeatable levels by time:
     D:2: 1237 daAuts
     D:4: 1188 daAuts
     D:1: 1072 daAuts
     D:3: 938 daAuts
     D:5: 103 daAuts
